 Dungeon Crawl Stone Soup version 0.31-a0-1009-g454b1f1e0a (webtiles) character file.

Game seed: 2173306989392118567

1305 MacCMillion the Grappler (level 8, -2/68 HPs)
             Began as a Troll Shapeshifter on Nov 16, 2023.
             Was an Initiate of Ru.
             Slain by an orc warrior
             ... wielding a +0 war axe
              (10 damage)
             ... in a bailey.
             The game lasted 00:09:56 (4709 turns).

MacCMillion the Grappler (Troll Shapeshifter)       Turns: 4709, Time: 00:09:56

Health: -2/68      AC:  4    Str: 25    XL:     8   Next: 31%
Magic:  6/6        EV:  9    Int:  6    God:    Ru [......]
Gold:   459        SH:  0    Dex:  9    Spells: 7/7 levels left

rFire   . .          .
                       - Unarmed
rCold   . . .        (no shield)
rNeg    . . .        a - +0 animal skin
rPois   .            (helmet currently unavailable)
rElec   .            (cloak currently unavailable)
rCorr   .            (gloves unavailable)
SInv    .            (boots unavailable)
Will    .....        (no amulet)
Stlth   +            k - ring of flight
HPRegen 1.11/turn    (no ring)
MPRegen 0.10/turn

%: no passive effects
@: beast-form, flying
A: beast (slay +1), large, unfitting armour, claws 3, low MP 1, regeneration 1,
shaggy fur 1, tough skin 1
a: Begin Untransformation, Renounce Religion, Sacrifice Love, Sacrifice Courage,
Sacrifice Skill, Reject Sacrifices


You were in a bailey.
You worshipped Ru.
Ru was noncommittal.
You were a hulking beast.
You visited 1 branch of the dungeon, and saw 7 of its levels.
You also visited: Bailey.

You collected 459 gold pieces.

Inventory:

Missiles
 j - 2 javelins
 l - 6 poisoned darts
 E - a curare-tipped dart
 F - 11 boomerangs
Armour
 a - a +0 animal skin (worn)
Jewellery
 k - a ring of flight (left claw)
Talismans
 c - a beast talisman
 d - a flux talisman
 A - a blade talisman
Wands
 x - a wand of roots (9)
 y - a wand of flame (16)
Scrolls
 g - 4 scrolls of immolation {unknown}
 i - 2 scrolls of noise {unknown}
 m - a scroll of summoning {unknown}
 n - 5 scrolls of identify {unknown}
 q - a scroll of teleportation {unknown}
 r - a scroll of revelation {unknown}
 s - a scroll of blinking {unknown}
 u - a scroll of poison {unknown}
 v - 2 scrolls of enchant weapon {unknown}
 w - a scroll of vulnerability {unknown}
 z - a scroll of amnesia {unknown}
 D - a scroll of fear {unknown}
Potions
 b - 2 potions of lignification
 e - 2 potions of mutation {unknown}
 f - 2 potions of degeneration {unknown}
 h - 2 potions of magic {unknown}
 o - 3 potions of curing {unknown}
 p - 3 potions of attraction {unknown}
 t - a potion of cancellation {unknown}
 B - a potion of invisibility {unknown}
 C - a potion of might {unknown}


   Skills:
 - Level 0.7 Fighting
 - Level 1.5 Dodging
 + Level 10.6 Unarmed Combat
 - Level 3.0 Shapeshifting


You had 7 spell levels left.
You didn't know any spells.
Your spell library contained the following spells:

 Spells                   Type           Power      Damage    Failure   Level
 Apportation              Tloc           0%         N/A       45%         1
 Necrotise                Necr           0%         1d4       45%         1
 Summon Small Mammal      Summ           0%         N/A       45%         1
 Wereblood                Tmut           0%         N/A       58%         2
 Frozen Ramparts          Ice            0%         1d1       83%         3
 Irradiate                Conj/Tmut      0%         3d11      100%        5
 Simulacrum               Ice/Necr       0%         N/A       100%        6
 Monstrous Menagerie      Summ           0%         N/A       100%        7


Dungeon Overview and Level Annotations

Branches:
Dungeon (7/15)             Temple (0/1) D:6          Bailey (1/1)

Altars:
Fedhas
Gozag
Kikubaaqudgha
Ru
Trog
Wu Jian
Xom
Zin
The Shining One


Innate Abilities, Weirdness & Mutations

You are a hulking beast.
Your limbs bulge with bestial killing power. (Slay +1)
You are too large for most types of armour.
You have claws for hands.
Your magical capacity is low. (-10% MP)
Your natural rate of healing is unusually fast.
You are covered in fur. (AC +1)
You have tough skin. (AC +1)


Message History

You see here 2 boomerangs.
You barely miss the goblin. The goblin hits you with a +0 hand axe.
You mangle the goblin!!
You kill the goblin!
No target in view!
No target in view!
F - 11 boomerangs (gained 2)
An orc warrior is nearby!
The orc warrior shouts!
The orc warrior grunts loudly.
Things that are here:
a +0 hand axe; a +0 leather armour
There is an open door here.
You miss the orc warrior.
The orc warrior hits you with a +0 war axe!
You scratch the orc warrior.
The orc warrior is lightly wounded.
The orc warrior hits you with a +0 war axe!
You closely miss the orc warrior.
The orc warrior is lightly wounded.
The orc warrior hits you with a +0 war axe.
You are too injured to fight recklessly!
You are too injured to fight recklessly!
You closely miss the orc warrior.
The orc warrior is lightly wounded.
The orc warrior hits you with a +0 war axe.
You mangle the orc warrior!!
The orc warrior is almost dead.
You closely miss the orc warrior.
The orc warrior is almost dead.
The orc warrior hits you with a +0 war axe!
* * * LOW HITPOINT WARNING * * *
You closely miss the orc warrior.
The orc warrior is almost dead.
The orc warrior hits you with a +0 war axe!
* * * LOW HITPOINT WARNING * * *
You scratch the orc warrior.
The orc warrior is almost dead.
The orc warrior hits you with a +0 war axe!
You die...

♣♣♣∩♣♣♣ ♣♣♣ ####
♣♣♣.....♣♣♣ ####≈≈
##?$.##.........##...##≈
#!....##.......##.....##
.......##~~~~~##...8...#
.8..8...#~~~~~#.........
........#~)~~)#.........
........')...)†....8..8.
.8....oh#########.......
.....#### ~#~~~##......
.... ....[~#.....# #.
....?~#....##
..8.8##....#)
....o#.....).
∩....#.....'.
.....#.....'.
..8.8##†...#.


You could see an orc warrior.

Vanquished Creatures
  An orc warrior (Bailey)
  An ice beast (D:5)
  An ogre (D:5)
  A centaur (D:6)
  2 kobold brigands (D:6)
  A phantom (D:6)
  A bullfrog (D:6)
  A scorpion (D:6)
  A wyvern zombie (D:7)
  6 hounds
  A gnoll bouda (D:6)
  2 iguanas (D:5)
  8 adders
  7 gnolls
  2 white imps (D:5)
  3 dart slugs (D:2)
  15 orcs
  7 bats
  6 endoplasms
  4 giant cockroaches
  11 goblins
  9 hobgoblins
  5 jackals (D:2)
  22 kobolds
  6 quokkas
  7 ball pythons
  A frilled lizard (D:1)
  3 rats
135 creatures vanquished.

Notes
Turn   | Place    | Note
-------+----------+-------------------------------------------
     0 | D:1      | MacCMillion the Troll Shapeshifter began the quest for the
                  | Orb.
     0 | D:1      | Reached XP level 1. HP: 18/18 MP: 0/0
   269 | D:1      | Reached XP level 2. HP: 26/26 MP: 1/1
   593 | D:1      | Reached skill level 4 in Unarmed Combat
   819 | D:2      | You fall into a shaft and drop 2 floors!
   884 | D:4      | Reached XP level 3. HP: 32/32 MP: 2/2
   963 | D:4      | Reached XP level 4. HP: 40/40 MP: 3/3
  1011 | D:4      | Reached skill level 5 in Unarmed Combat
  1324 | D:2      | Reached XP level 5. HP: 46/46 MP: 4/4
  1457 | D:2      | Found a sacrificial altar of Ru.
  1466 | D:2      | Became a worshipper of Ru the Awakened
  1716 | D:2      | Found a faded altar of an unknown god.
  1841 | D:2      | Reached skill level 6 in Unarmed Combat
  2222 | D:3      | Found an ancient bone altar of Kikubaaqudgha.
  2685 | D:4      | Gained mutation: Your magical capacity is low. (-10% MP)
                  | [Ru sacrifice]
  2720 | D:4      | Found a blossoming altar of Fedhas.
  2739 | D:4      | Found a glowing silver altar of Zin.
  2742 | D:4      | Found an opulent altar of Gozag.
  2745 | D:4      | Found a sacrificial altar of Ru.
  3026 | D:5      | Entered Level 5 of the Dungeon
  3062 | D:5      | Reached XP level 6. HP: 49/54 MP: 4/4
  3066 | D:5      | Noticed an ice beast
  3085 | D:5      | Killed an ice beast
  3086 | D:5      | Reached skill level 7 in Unarmed Combat
  3257 | D:5      | Reached skill level 8 in Unarmed Combat
  3257 | D:5      | Reached XP level 7. HP: 58/61 MP: 5/5
  3552 | D:6      | Identified the "Joatissi"
  3761 | D:6      | Reached skill level 9 in Unarmed Combat
  3847 | D:6      | Found a glowing golden altar of the Shining One.
  3851 | D:6      | Found a shimmering altar of Xom.
  3855 | D:6      | Found a bloodstained altar of Trog.
  3878 | D:6      | Found a staircase to the Ecumenical Temple.
  4023 | D:6      | Found an ornate altar of the Wu Jian Council.
  4044 | D:6      | Reached XP level 8. HP: 68/68 MP: 6/6
  4324 | D:6      | Reached skill level 10 in Unarmed Combat
  4517 | D:7      | Found a flagged portal.
  4531 | Bailey   | Entered a bailey
  4537 | Bailey   | Noticed an orc warlord
  4579 | Bailey   | Found the +0 mask of the Dragon {Will+ Slay+3 SInv}
  4709 | Bailey   | Slain by an orc warrior

Illustrated notes

Levels and vault maps discovered:
D:1:      minmay_arrival_plants_in_alcoves, layout_basic
D:2:      layout_basic, basic_altar, shapermc_ecumenical_altar_ellora,
          grunt_decor_resistance, minmay_octomino_c4
D:3:      layout_loops_ring, amcnicky_altar_gilded
D:4:      wad_lake_hut, layout_cave_pools, grunt_temple_overflow_cloverleaf,
          serial_park_tiny_pond, grunt_ministairs_4
D:5:      layout_rooms
D:6:      layout_cave_pods, mainiacjoe_overflow_six_doors_small,
          grunt_temple_overflow_diamond, minmay_temple_entry_statues_fountains
D:7:      layout_loops_ring, serial_undead, serial_undead_b, serial_undead_d,
          serial_undead_b, serial_undead_e, enter_bailey_3,
          nicolae_kite_square_tiling_tiny, nicolae_specific_store,
          chequers_serial_rivers_micro_a, minmay_circle_x
Bailey:   bailey_axe_bossmonster_kennysheep, bailey

Skill      XL: |  1  2  3  4  5  6  7  8 |
---------------+-------------------------+-----
Unarmed Combat | 4 5 6 8 9 10 | 10.6
Fighting       | |  0.7
Dodging        | |  1.5
Shapeshifting  | |  3.0

Action                     |  1- 3 |  4- 6 |  7- 9 || total
---------------------------+-------+-------+-------++-------
  Melee: Unarmed           |    53 |   124 |   109 ||   286
         Punch             |     1 |     3 |     4 ||     8
 Invoke: Sacrifice Essence |       |     1 |       ||     1
   Stab: Distracted        |       |       |     1 ||     1
 Armour: Animal skin       |    23 |    67 |    59 ||   149
  Dodge: Dodged            |    12 |    48 |    41 ||   101

Table legend: (Time is in decaauts)
 A = Elapsed time spent in this place.
 B = Non-inter-level travel time spent in this place.
 C = Inter-level travel time spent in this place.
 D = Time resting spent in this place.
 E = Time spent auto-exploring this place.
 F = Levels seen in this place.
 G = Mean time per level.
                   A        B        C        D        E       F      G
               +--------+--------+--------+--------+--------+-----+--------+
         Total |   4667 |   4548 |    119 |     28 |   3656 |   8 |  583.4 |
       Dungeon |   4498 |   4379 |    119 |     23 |   3590 |   7 |  642.6 |
        Bailey |    169 |    169 |      0 |      5 |     66 |   1 |  169.0 |
               +--------+--------+--------+--------+--------+-----+--------+

Top non-repeatable levels by time:
     D:2: 1025 daAuts
     D:6: 939 daAuts
     D:1: 802 daAuts
     D:4: 604 daAuts
     D:3: 578 daAuts
     D:5: 520 daAuts
  Bailey: 169 daAuts
     D:7: 27 daAuts
